 Dungeon Crawl Stone Soup version 0.27.1-34-g3ba077fa99 (webtiles) character file.

Game seed: 17337702886208550735

14648 sankara the Martial Artist (level 11, -12/97 HPs)
             Began as a Minotaur Monk on Jan 22, 2022.
             Was a High Priest of Okawaru.
             Mangled by a death yak (16 damage)
             ... led by a torpor snail
             ... on level 2 of the Lair of Beasts.
             The game lasted 00:28:03 (15540 turns).

sankara the Martial Artist (Minotaur Monk)         Turns: 15540, Time: 00:28:04

Health: -12/97     AC: 20    Str: 15    XL:     11   Next: 91%
Magic:  8/13       EV: 13    Int:  8    God:    Okawaru [*****.]
Gold:   519        SH:  0    Dex: 16    Spells: 10/10 levels left

rFire    . . .     SeeInvis .     - Unarmed
rCold    . . .     Faith    .   (no shield)
rNeg     . . .     Spirit   .   F - +2 chain mail {rPois}
rPois    +         Reflect  .   (helmet restricted)
rElec    .         Harm     .   y - +0 cloak
rCorr    .         Rampage  .   D - +0 pair of gloves
Will     +....                  v - +0 pair of boots
Stlth    ..........             (no amulet)
HPRegen  0.26/turn              a - ring of willpower
MPRegen  0.13/turn              x - +4 ring of slaying

@: heroic, finesse-ful
A: horns 2, retaliatory headbutt
a: Renounce Religion, Heroism, Finesse


You were on level 2 of the Lair of Beasts.
You worshipped Okawaru.
Okawaru was extremely pleased with you.
You visited 3 branches of the dungeon, and saw 13 of its levels.
You also visited: Volcano.

You collected 722 gold pieces.
You spent 203 gold pieces at shops.

Inventory:

Hand Weapons
 b - a +1 hunting sling
Missiles
 i - 44 poisoned darts (quivered)
 l - 14 boomerangs
 n - 130 sling bullets
 p - 232 stones
 B - a throwing net
 E - 10 atropa-tipped darts
Armour
 v - a +0 pair of boots (worn)
 y - a +0 cloak (worn)
 z - a +3 leather armour of fire resistance
 D - a +0 pair of gloves (worn)
 F - a +2 chain mail of poison resistance (worn)
 J - +0 steam dragon scales
 L - a +2 ring mail of cold resistance
Jewellery
 a - a ring of willpower (left hand)
 e - a ring of fire
 o - a ring of ice
 q - a ring of protection from cold
 x - a +4 ring of slaying (right hand)
 G - a ring of flight
Wands
 r - a wand of paralysis (8)
 C - a wand of iceblast (8)
 N - a wand of flame (29)
Scrolls
 f - 5 scrolls of teleportation
 j - 4 scrolls of magic mapping
 k - 4 scrolls of noise
 s - 3 scrolls of enchant weapon
 H - a scroll of silence {unknown}
 K - a scroll of brand weapon {unknown}
 M - 2 scrolls of amnesia {unknown}
Potions
 d - a potion of resistance
 g - 5 potions of curing
 h - 2 potions of haste
 m - a potion of experience {unknown}
 t - 3 potions of brilliance
 u - 2 potions of attraction
 w - a potion of might
 A - a potion of invisibility {unknown}
 I - a potion of berserk rage
 O - a potion of cancellation
 P - a potion of ambrosia {unknown}
Miscellaneous
 c - a piece from Xom's chessboard (15/15)


   Skills:
 - Level 9.0(14.0) Fighting
 - Level 5.0(10.0) Throwing
 + Level 9.8(14.8) Armour
 - Level 9.0(14.0) Dodging
 - Level 1.5(6.5) Stealth
 * Level 13.1(18.1) Unarmed Combat
 + Level 4.8 Invocations
 - Level 3.0 Evocations


You had 10 spell levels left.
You didn't know any spells.
Your spell library contained the following spells:

 Spells                   Type           Power      Damage    Failure   Level
 Animate Skeleton         Necr           0%         N/A       98%         1
 Magic Dart               Conj           0%         1d3       98%         1
 Pain                     Necr           0%         1d4       98%         1
 Call Imp                 Summ           0%         N/A       99%         2
 Slow                     Hex            0%         N/A       99%         2
 Static Discharge         Conj/Air       0%         N/A       99%         2
 Confusing Touch          Hex            0%         N/A       100%        3
 Mephitic Cloud           Conj/Pois/Air  0%         N/A       100%        3
 Vampiric Draining        Necr           0%         2d6       100%        3
 Fireball                 Conj/Fire      0%         3d3       100%        5
 Lightning Bolt           Conj/Air       0%         1d11      100%        5
 Summon Forest            Summ/Tloc      0%         N/A       100%        5
 Yara's Violent Unravell  Hex/Tmut       0%         3d3       100%        5
 Eringya's Noxious Bog    Tmut/Pois      0%         N/A       100%        6
 Starburst                Conj/Fire      0%         6d3       100%        6
 Summon Hydra             Summ           0%         N/A       100%        7
 Ignition                 Fire           0%         3d3       100%        8
 Maxwell's Capacitive Co  Air            0%         ∞         100%        8


Dungeon Overview and Level Annotations

Branches:
Dungeon (10/15)            Temple (1/1) D:6            Lair (2/6) D:10
Volcano (visited)
  Swamp: Lair:2-4    Shoals: Lair:2-4     Snake: Lair:2-4    Spider: Lair:2-4
    Orc: D:9-12

Altars:
Ashenzari
Cheibriados
Dithmenos
Elyvilon
Fedhas
Gozag
Hepliaklqana
Kikubaaqudgha
Makhleb
Nemelex Xobeh
Okawaru
Qazlal
Ru
Sif Muna
Trog
Uskayaw
Vehumet
Wu Jian
Xom
Yredelemnul
Zin
The Shining One

Shops:
D:1 (   D:2 [(*

Annotations:
Lair:1 exclusion: oklob plant


Innate Abilities, Weirdness & Mutations

You have a pair of horns on your head.
You reflexively headbutt those who attack you in melee.


Message History

The death yak closely misses you.
You punch the torpor snail!
The torpor snail is moderately wounded.
The torpor snail bites you! The death yak gores you!!
You punch the torpor snail! You headbutt the torpor snail.
You punch the torpor snail.
The torpor snail is severely wounded.
The death yak closely misses you. The death yak gores you!
The torpor snail misses you.
You hit the torpor snail but do no damage.
You headbutt the torpor snail, but do no damage.
The torpor snail is severely wounded.
The death yak gores you! The death yak closely misses you.
The death yak gores you.
You punch the torpor snail! You headbutt the torpor snail.
The torpor snail is almost dead.
The torpor snail bites you but does no damage.
The death yak gores you!
You pummel the torpor snail!!
You kill the torpor snail!
Okawaru accepts your kill.
You feel yourself speed up.
The death yak gores you but does no damage.
The death yak barely misses you. The death yak gores you.
* * * LOW HITPOINT WARNING * * *
You can now deal lightning-fast blows.
The death yak gores you!
* * * LOW HITPOINT WARNING * * *
Unknown command.
You punch the death yak! You headbutt the death yak.
The death yak is moderately wounded.
You barely miss the death yak.
The death yak is moderately wounded.
The death yak gores you!
* * * LOW HITPOINT WARNING * * *
Okay, then.
It was a potion of cancellation.
You feel magically purged. The death yak gores you!
You die...

##. #..................≈
.#..######.....†..........≈≈≈
.........>.†................≈
#..P.....†..........P.#.###.≈
#..P.....###.##......#### #.
.......................
.......................
.......................
.##......P.P###@#..###
........######.Y#..#.#
...............Y.......
.......................
#.##P#####...#.#...#### ..
####.##.##.##..###
..................
..................
#...#....###..##.#.


You could see 2 death yaks.

Vanquished Creatures
  Erica (D:9)
  A two-headed ogre (D:9)
  A fire crab (Volcano)
  A lindwurm (Volcano)
  Joseph (D:8)
  2 molten gargoyles (Volcano)
  A torpor snail (Lair:2)
  2 cane toads (Lair:1)
  2 komodo dragons
  Prince Ribbit (D:7)
  3 blink frogs (Lair:2)
  8 fire bats
  2 wyverns
  14 yaks
  3 basilisks
  5 steam dragons
  2 acid dragons (D:9)
  4 water moccasins
  A hell hound (Volcano)
  2 black bears
  2 hornet zombies
  2 orc warriors
  A sky beast (D:6)
  6 centaurs
  4 bullfrogs
  A gnoll sergeant (D:7)
  2 scorpions
  A water moccasin skeleton (D:6)
  20 wights
  5 howler monkeys
  An electric eel (D:6)
  6 lava snakes (Volcano)
  A bullfrog zombie (D:5)
  3 centaur zombies
  2 centaur skeletons
  A jelly (D:6)
  3 hounds (D:4)
  An orc priest (D:3)
  2 gnoll shamans (D:6)
  7 iguanas
  2 orc wizards
  A killer bee zombie (D:6)
  A hound skeleton (D:4)
  10 gnolls
  A howler monkey skeleton (D:3)
  7 adders
  3 shadow imps
  A white imp (D:7)
  An ufetubus (D:7)
  An adder skeleton (D:2)
  3 dart slugs
  14 orcs
  2 bats
  8 endoplasms
  8 goblins
  8 hobgoblins
  4 quokkas
  8 ball pythons
  4 frilled lizards
  10 kobolds
  2 rats
227 creatures vanquished.

Vanquished Creatures (collateral kills)
  A fire bat (Volcano)
1 creature vanquished.

Vanquished Creatures (others)
  An orc (D:8)
  32 fungi (D:9)
  8 plants
41 creatures vanquished.

Grand Total: 269 creatures vanquished

Notes
Turn   | Place    | Note
-------+----------+-------------------------------------------
     0 | D:1      | sankara the Minotaur Monk began the quest for the Orb.
     0 | D:1      | Reached XP level 1. HP: 19/19 MP: 0/0
   433 | D:1      | Reached XP level 2. HP: 23/27 MP: 1/1
   499 | D:1      | Found Usetwe's Antique Weapon Boutique.
  1240 | D:2      | Found Genn's Assorted Antiques.
  1334 | D:2      | Reached skill level 4 in Unarmed Combat
  1334 | D:2      | Reached XP level 3. HP: 33/33 MP: 2/2
  1832 | D:2      | Found an ancient bone altar of Kikubaaqudgha.
  1876 | D:2      | Found Garudo's Weapon Boutique.
  1891 | D:2      | Found Saenk's Armour Boutique.
  2419 | D:3      | Found a faded altar of an unknown god.
  2427 | D:3      | Reached skill level 1 in Armour
  2497 | D:3      | Reached XP level 4. HP: 40/40 MP: 3/3
  2984 | D:3      | Reached XP level 5. HP: 47/47 MP: 4/4
  3108 | D:4      | Reached skill level 5 in Unarmed Combat
  3457 | D:4      | Found a sacrificial altar of Ru.
  3497 | D:4      | Reached XP level 6. HP: 38/55 MP: 5/5
  3617 | D:4      | Reached skill level 5 in Fighting
  3781 | D:4      | Found a burning altar of Makhleb.
  3920 | D:5      | Entered Level 5 of the Dungeon
  3930 | D:5      | Noticed a wyvern
  3942 | D:5      | Killed a wyvern
  3943 | D:5      | Reached skill level 5 in Dodging
  3943 | D:5      | Reached skill level 6 in Unarmed Combat
  4178 | D:5      | Found a blossoming altar of Fedhas.
  4205 | D:5      | Reached XP level 7. HP: 48/61 MP: 6/6
  4370 | D:5      | You fall into a shaft and drop 1 floor!
  4392 | D:6      | Reached skill level 7 in Unarmed Combat
  4906 | D:5      | Found a glowing golden altar of the Shining One.
  5140 | D:5      | Reached skill level 5 in Armour
  5140 | D:5      | Reached skill level 8 in Unarmed Combat
  5247 | D:6      | Reached XP level 8. HP: 68/68 MP: 7/7
  5357 | D:6      | Reached skill level 1 in Throwing
  5652 | D:6      | Found a staircase to the Ecumenical Temple.
  5658 | Temple   | Entered the Ecumenical Temple
  6498 | D:6      | Found a shadowy altar of Dithmenos.
  6545 | D:7      | Reached skill level 9 in Unarmed Combat
  6709 | D:2      | Bought a +2 chain mail of poison resistance for 203 gold
                  | pieces
  6903 | D:7      | Reached skill level 1 in Evocations
  6990 | D:7      | Reached XP level 9. HP: 62/75 MP: 8/8
  7104 | D:7      | Noticed Prince Ribbit
  7108 | D:7      | Killed Prince Ribbit
  8841 | D:8      | Reached skill level 10 in Unarmed Combat
  9162 | D:9      | Noticed Erica
  9354 | D:9      | Noticed Joseph
  9940 | D:8      | Killed Joseph
  9941 | D:8      | Reached XP level 10. HP: 70/86 MP: 9/9
 10034 | D:9      | Found a shimmering blue altar of Sif Muna.
 10468 | D:9      | Noticed a two-headed ogre
 10697 | D:9      | Killed Erica
 10698 | D:9      | Reached skill level 11 in Unarmed Combat
 10783 | D:9      | Found an iron altar of Okawaru.
 10791 | D:9      | Became a worshipper of Warmaster Okawaru
 10791 | D:9      | Reached * piety under Okawaru
 10791 | D:9      | Reached ** piety under Okawaru
 11012 | D:9      | Killed a two-headed ogre
 11013 | D:9      | Reached skill level 1 in Invocations
 11156 | D:10     | Entered Level 10 of the Dungeon
 11317 | D:10     | Reached skill level 5 in Throwing
 11703 | D:10     | Reached *** piety under Okawaru
 11735 | D:10     | Reached XP level 11. HP: 91/95 MP: 11/11
 11832 | D:10     | Found a staircase to the Lair.
 12313 | Lair:1   | Entered Level 1 of the Lair of Beasts
 12410 | Lair:1   | Reached skill level 12 in Unarmed Combat
 12459 | Lair:1   | Reached **** piety under Okawaru
 12460 | Lair:1   | Found a dark tunnel.
 12473 | Volcano  | Entered a volcano
 13193 | Volcano  | Found a burning altar of Makhleb.
 13193 | Volcano  | Noticed a lindwurm
 13211 | Volcano  | Killed a lindwurm
 13318 | Volcano  | Noticed a fire crab
 13327 | Volcano  | Killed a fire crab
 13487 | Volcano  | Reached ***** piety under Okawaru
 14193 | Lair:1   | Found an iron altar of Okawaru.
 14193 | Lair:1   | Noticed an oklob plant
 14643 | Lair:1   | Received a gift from Okawaru
 15336 | Lair:2   | Reached skill level 13 in Unarmed Combat
 15518 | Lair:2   | Noticed a death yak
 15520 | Lair:2   | Noticed a death yak
 15535 | Lair:2   | HP: 3/97 [death yak[a torpor snail] (13)]
 15540 | Lair:2   | Mangled by a death yak

Illustrated notes

Levels and vault maps discovered:
D:1:      saegor_arrival_simple_d, layout_loops_cross, serial_glass,
          glass_columns_a, glass_columns_a, serial_shops,
          nicolae_shop_waterfront, amethyst_killhole, minmay_indecisive_spiral
D:2:      layout_loops_corners, basic_altar, serial_shops,
          nicolae_shop_competitors_out_of_business, shop_fountains, shop_statue
D:3:      minmay_inner_zag, layout_rooms, shapermc_ecumenical_altar_mp_highgroup
D:4:      layout_cave_pools, lightli_temple_of_fire, nicolae_ru_path_of_blood,
          minmay_between
D:5:      layout_loops_ring, kennysheep_mini_moat, mainiacjoe_overflow_alcove_1,
          serial_bayou_pond_c
D:6:      layout_basic, mainiacjoe_overflow_alcove_4, minmay_temple_entry_hall,
          minmay_misc_feat_more_columns, serial_bayou_lagoon_a,
          minmay_misc_feat_ornament
D:7:      layout_basic, uniq_prince_ribbit1
D:8:      layout_gridville
D:9:      layout_cave_pools, mainiacjoe_overflow_catch_the_wave, chequers_jeans,
          uniq_erica, uniq_joseph
D:10:     layout_layer_cave, erik_lair_dragon
Temple:   regret_index_temple_waves
Lair:1:   layout_small_grid, nicolae_volcano_entry_batcave, lemuel_oklob_altar
Lair:2:   layout_long_grid, infiniplex_staircase_pool

Skill      XL: |  1  2  3  4  5  6  7  8  9 10 11 |
---------------+----------------------------------+-----
Fighting       | 4 5 6 7 8 9 |  9.0
Unarmed Combat | 4 5 6 8 9 10 11 13 | 13.1
Armour         | 1 2 3 5 6 7 8 9 |  9.8
Dodging        | 4 5 6 7 9 |  9.0
Throwing       | 2 4 5 |  5.0
Evocations     | 1 3 |  3.0
Invocations    | 2 4 |  4.8
Stealth        | |  1.5

Action                   |  1- 3 |  4- 6 |  7- 9 | 10-12 || total
-------------------------+-------+-------+-------+-------++-------
Melee: Unarmed           |    81 |   110 |   213 |   252 ||   656
       Headbutt          |    12 |    22 |    43 |    54 ||   131
       Punch             |       |     3 |    10 |    17 ||    30
 Fire: Hunting sling     |       |       |       |    33 ||    33
Throw: Dart              |       |       |     3 |     6 ||     9
Invok: Heroism           |       |       |       |     8 ||     8
       Finesse           |       |       |       |     1 ||     1
Evoke: Wand              |       |       |     2 |       ||     2
  Use: Scroll            |       |       |       |    15 ||    15
       Potion            |       |       |       |     2 ||     2
 Stab: Sleeping          |     3 |     3 |     2 |     1 ||     9
       Distracted        |       |     1 |       |       ||     1
       Paralysed         |       |       |     2 |       ||     2
Armor: Robe              |     4 |       |       |       ||     4
       Leather armour    |    14 |    14 |    21 |     1 ||    50
       Chain mail        |       |       |    69 |   128 ||   197
Dodge: Dodged            |    44 |    64 |   130 |   111 ||   349
